 Dungeon Crawl Stone Soup version 0.30-a0-715-gdb4ae3ece1 (webtiles) character file.

Game seed: 15949377444382253418

9405 OTABOTABOTAB the Skirmisher (level 11, -18/69 (71) HPs)
             Began as a Kobold Hunter on Jan 23, 2023.
             Was an Elder of Dithmenos.
             Demolished by an ettin
             ... wielding a +0 dire flail
              (39 damage)
             ... on level 2 of the Orcish Mines.
             The game lasted 00:15:44 (12580 turns).

OTABOTABOTAB the Skirmisher (Kobold Hunter)        Turns: 12580, Time: 00:15:44

HP:   -18/69 (71)   AC:  4    Str: 10    XL:     11   Next: 73%
MP:   16/16         EV: 22    Int: 10    God:    Dithmenos [****..]
Gold: 736           SH:  0    Dex: 22    Spells: 10/10 levels left

rFire   + . .      SeeInvis .    a - +6 shortbow (elec)
rCold   . . .      Faith    .    (shield currently unavailable)
rNeg    . . .      Spirit   .    c - +1 leather armour
rPois   .          Reflect  .    (no helmet)
rElec   .          Harm     .    (no cloak)
rCorr   .          Rampage  .    (no gloves)
Will    .....                    (no boots)
Stlth   +++++++++                (no amulet)
HPRegen 0.31/turn                Q - +4 ring of slaying
MPRegen 0.15/turn                F - ring of protection from fire {rF+, !d}

@: about to teleport, wreathed by umbra, lightly drained
A: small, no large weapons, nightstalker 3
a: Renounce Religion, Shadow Step


You were on level 2 of the Orcish Mines.
You worshipped Dithmenos.
Dithmenos was greatly pleased with you.
You visited 3 branches of the dungeon, and saw 13 of its levels.
You also visited: Bailey.

You collected 736 gold pieces.

Inventory:

Hand Weapons
 a - a +6 shortbow of electrocution (weapon)
   (You acquired it on level 4 of the Dungeon)
 b - a +1 short sword of speed
   (You took it off an orc on level 3 of the Dungeon)
Armour
 c - a +1 leather armour (worn)
 f - the +0 robe of the Tormentor {rPois rN+ Will- Dex+3}
   (You found it on level 10 of the Dungeon)

   Dex:       It affects your dexterity (+3).
   rPois:     It protects you from poison.
   rN:        It protects you from negative energy.
   Will:      It decreases your willpower.
Jewellery
 k - a ring of poison resistance {rPois, !d}
   (You took it off an orc wizard on level 9 of the Dungeon)
 F - a ring of protection from fire (right hand) {rF+, !d}
   (You found it on level 6 of the Dungeon)
 Q - a +4 ring of slaying (left hand)
   (You took it off a kobold on level 3 of the Dungeon)
Wands
 d - a wand of digging (9)
   (You found it on level 5 of the Dungeon)
 e - a wand of charming (8)
   (You found it on level 4 of the Dungeon)
 h - a wand of acid (7)
   (You found it on level 10 of the Dungeon)
 i - a wand of iceblast (6)
   (You found it on level 7 of the Dungeon)
Scrolls
 g - 2 scrolls of enchant armour
 l - 3 scrolls of fog
 m - a scroll of poison {!r}
 p - a scroll of brand weapon
 D - a scroll of blinking {!r}
 K - 2 scrolls of immolation {!r}
 O - a scroll of silence
 S - a scroll of summoning
 Y - a scroll of teleportation {@r3}
Potions
 n - a potion of haste {unknown}
 o - 2 potions of attraction {!q}
 q - a potion of flight {unknown}
 s - 3 potions of magic
 t - a potion of cancellation {unknown}
 B - a potion of brilliance
 I - 4 potions of invisibility
 J - a potion of curing {@q1}
 M - 6 potions of might
 N - 6 potions of heal wounds {@q2}
 P - 2 potions of lignification {!q}
 R - a potion of resistance
 U - 3 potions of mutation {!q}


   Skills:
 + Level 9.0 Fighting
 + Level 12.5 Ranged Weapons
 + Level 9.8 Dodging
 + Level 11.3 Stealth
 + Level 7.6 Invocations


You had 10 spell levels left.
You didn't know any spells.
Your spell library contained the following spells:

 Spells                   Type           Power      Damage    Failure   Level
 Necrotise                Necr           0%         1d4       45%         1
 Shock                    Conj/Air       0%         1d3       45%         1
 Sublimation of Blood     Necr           0%         N/A       61%         2
 Wereblood                Tmut           0%         N/A       61%         2
 Hailstorm                Conj/Ice       0%         3d3       83%         3
 Swiftness                Air            0%         N/A       83%         3
 Tukima's Dance           Hex            0%         N/A       83%         3
 Vampiric Draining        Necr           0%         2d6       83%         3
 Airstrike                Air            0%         2d(0-16)  99%         4
 Ice Form                 Ice/Tmut       0%         N/A       99%         4
 Passage of Golubria      Tloc           0%         N/A       99%         4
 Agony                    Necr           0%         N/A       100%        5
 Yara's Violent Unravell  Hex/Tmut       0%         3d3       100%        5
 Simulacrum               Ice/Necr       0%         N/A       100%        6
 Summon Hydra             Summ           0%         N/A       100%        7


Dungeon Overview and Level Annotations

Branches:
Dungeon (10/15)            Temple (1/1) D:5            Lair (0/5) D:9
    Orc (1/2) D:10         Bailey (visited)

Altars:
Ashenzari
Cheibriados
Dithmenos
Elyvilon
Fedhas
Gozag
Hepliaklqana
Kikubaaqudgha
Makhleb
Nemelex Xobeh
Okawaru
Qazlal
Ru
Sif Muna
Trog
Uskayaw
Vehumet
Wu Jian
Xom
Yredelemnul
Zin
The Shining One

Shops:
Orc:2 **


Innate Abilities, Weirdness & Mutations

You are small and have problems with some larger weapons.
You are completely attuned to the shadows.


Message History

You hear the slow rumble of a distant avalanche of rocks.
An orc sorcerer comes into view. It is wielding a +0 dagger.
You shoot an arrow.
The arrow barely misses the orc sorcerer.
The orc sorcerer shouts!
You hear a howl!
You shoot an arrow.
The arrow barely misses the orc sorcerer.
You shoot an arrow.
The arrow barely misses the orc sorcerer.
You shoot an arrow.
The arrow barely misses the orc sorcerer.
You hear a howl!
The orc sorcerer hits you with a +0 dagger.
You take 2 damage, and have 67/69 hp.
You shoot an arrow. The arrow hits the orc sorcerer!!
The orc sorcerer casts a spell at you. The bolt of negative energy hits you!!
You feel drained.
You take 27 damage, and have 40/65 hp.
MASSIVE DAMAGE!!
Fire: a) +6 shortbow (elec)
Aim: an orc sorcerer, wielding a +0 dagger and wearing a +0 robe (heavily wounded, umbra, 73% to hit)
You shoot an arrow. The arrow hits the orc sorcerer!
A warg comes into view.
The orc sorcerer points at you and mumbles some strange words.
The bolt of negative energy hits you!!
You feel drained.
* * * LOW HITPOINT WARNING * * *
You take 24 damage, and have 16/62 hp.
MASSIVE DAMAGE!!
Fire: a) +6 shortbow (elec)
Aim: an orc sorcerer, wielding a +0 dagger and wearing a +0 robe (almost dead, umbra, 73% to hit)
You shoot an arrow. The arrow hits the orc sorcerer!
You kill the orc sorcerer!
Dithmenos accepts your kill.
Your shadow shoots an arrow.
Fire: a) +6 shortbow (elec)
Aim: a warg (umbra, 73% to hit)
You shoot an arrow. The arrow hits the warg!
Lightning courses through the warg!
Fire: a) +6 shortbow (elec)
Aim: a warg (almost dead, umbra, 73% to hit)
You shoot an arrow. The arrow hits the warg!
You kill the warg!
Dithmenos accepts your kill.
Fire: a) +6 shortbow (elec) Really target yourself?
Okay, then.
You start resting.
You hear the slow rumble of an avalanche of rocks nearby.
You regained 11 hp, and now have 27/66 hp.
You start resting.
An ogre comes into view. It is wielding a +0 giant club.
You regained 4 hp, and now have 31/66 hp.
Unknown command.
You are too injured to fight recklessly!
You are too injured to fight recklessly!
You are too injured to fight recklessly!
Fire: a) +6 shortbow (elec)
Aim: an ogre, wielding a +0 giant club (wandering, hasn't noticed you, 85% to hit)
You shoot an arrow. The ogre shouts!
The arrow hits the ogre!!
Fire: a) +6 shortbow (elec)
Aim: an ogre, wielding a +0 giant club (almost dead, 85% to hit)
You shoot an arrow. The arrow hits the ogre!
You kill the ogre!
Dithmenos accepts your kill.
Your Fighting skill increases to level 9!
Fire: a) +6 shortbow (elec) Really target yourself? [Y]es or [N]o only, please.
Really target yourself?
Okay, then.
Unknown command.
You start resting.
You hear the slow rumble of an avalanche of rocks nearby.
You regained 11 hp, and now have 44/69 hp.
You now have 736 gold pieces (gained 32).
Things that are here:
a +0 dagger; a +0 robe A sourceless malevolence fills the Orcish Mines...
You fall into a shaft and drop 1 floor!
The shaft crumbles and collapses. 12 orcs, an ettin, an ogre and a warg come into view.
An orc is wielding a +2 heavy hand axe.
An orc knight is wielding a +0 battleaxe of freezing.
Found Akefadi's General Store and Amoth's Assorted Antiques.
As you read the scroll of teleportation {@r3}, it crumbles to dust.
You feel strangely unstable.
The ettin shouts in stereo!
The orc knight shouts!
The orc shouts! x2
The orc warrior shouts!
The warg howls!
The orc warrior shouts!
The orc shouts!
The orc knight shouts!
You hear a shout!
The warg bites you but does no damage.
The orc warrior hits you with a +0 dire flail.
The orc barely misses you. The orc knight completely misses you.
An orc high priest comes into view. It is wielding a +2 glaive of venom.
The orc warrior hits you with a +0 battleaxe!!
The ettin hits you with a +0 dire flail!!!
Ouch! That really hurt!
You die...

##+# ###
#o..##..∩
.o..oo...


..ooohOoo .o.C@oo.. #..o##..∩ ##+# ## You could see 3 orc knights, an ettin, an
orc high priest, a warg, 5 orc warriors, an ogre, an orc wizard and 3 orcs.

Vanquished Creatures
  An orc sorcerer (Orc:1)
  Psyche (D:9)
  A gargoyle (D:10)
  A komodo dragon (D:10)
  A troll (D:10)
  2 hornets
  Sigmund (D:3)
  2 wraiths
  11 yaks (D:9)
  3 wyverns (D:9)
  3 steam dragons
  A warg (Orc:1)
  An acid dragon (D:9)
  3 water moccasins
  2 black bears
  4 orc warriors
  3 ice beasts
  2 ogres (Orc:1)
  5 centaurs
  A phantom (D:4)
  3 kobold brigands
  5 necrophages
  2 gnoll sergeants
  4 scorpions
  5 wights (D:8)
  7 killer bees
  A howler monkey (D:6)
  2 jellies
  3 orc priests
  6 hounds
  2 gnoll boudas
  Jessica (D:3)
  5 iguanas
  12 orc wizards
  26 gnolls
  5 adders
  A shadow imp (D:5)
  2 white imps
  3 ufetubi
  3 worms
  40 orcs
  3 ball pythons (D:1)
  7 bats
  5 endoplasms
  4 giant cockroaches
  13 goblins
  5 hobgoblins
  4 jackals (D:4)
  22 kobolds
  3 quokkas
  A frilled lizard (D:1)
  4 rats (D:1)
258 creatures vanquished.

Vanquished Creatures (others)
  5 fungi (D:9)
  9 plants (D:9)
14 creatures vanquished.

Grand Total: 272 creatures vanquished

Notes
Turn   | Place    | Note
-------+----------+-------------------------------------------
     0 | D:1      | OTABOTABOTAB the Kobold Hunter began the quest for the Orb.
     0 | D:1      | Reached XP level 1. HP: 12/12 MP: 1/1
   104 | D:1      | Reached XP level 2. HP: 18/18 MP: 2/2
   124 | D:1      | Found a faded altar of an unknown god.
   319 | D:1      | Reached skill level 2 in Stealth
   411 | D:1      | HP: 4/18 [gnoll/+0 whip (2)]
   412 | D:1      | HP: 1/18 [gnoll/+0 whip (4)]
   414 | D:1      | Reached XP level 3. HP: 1/22 MP: 3/3
  1337 | D:2      | Reached skill level 6 in Ranged Weapons
  1459 | D:2      | Reached skill level 3 in Dodging
  1760 | D:2      | Reached XP level 4. HP: 27/27 MP: 4/4
  1911 | D:3      | Found a shimmering altar of Xom.
  1928 | D:3      | Noticed Sigmund
  1940 | D:3      | Killed Sigmund
  1941 | D:3      | Reached skill level 3 in Fighting
  1941 | D:3      | Reached skill level 7 in Ranged Weapons
  1941 | D:3      | Reached skill level 3 in Stealth
  1941 | D:3      | Reached XP level 5. HP: 29/32 MP: 5/5
  1941 | D:3      | Reached XP level 6. HP: 34/37 MP: 6/6
  2342 | D:3      | Noticed Jessica
  2343 | D:3      | Killed Jessica
  2344 | D:3      | Reached skill level 4 in Stealth
  2392 | D:3      | Reached skill level 4 in Dodging
  2872 | D:4      | Identified a scroll of acquirement
  2872 | D:4      | Acquired a +5 shortbow of electrocution
  2984 | D:4      | Reached XP level 7. HP: 40/42 MP: 7/7
  2992 | D:4      | Reached skill level 4 in Fighting
  3023 | D:4      | Reached skill level 8 in Ranged Weapons
  3390 | D:4      | Reached skill level 5 in Stealth
  3971 | D:5      | Entered Level 5 of the Dungeon
  4104 | D:5      | Found a staircase to the Ecumenical Temple.
  4110 | Temple   | Entered the Ecumenical Temple
  4257 | Temple   | Became a worshipper of Dithmenos the Shadowed
  4343 | D:5      | Reached skill level 5 in Dodging
  4343 | D:5      | Reached XP level 8. HP: 48/48 MP: 8/8
  4655 | D:5      | Reached skill level 1 in Invocations
  4771 | D:5      | Reached skill level 9 in Ranged Weapons
  5058 | D:5      | Reached skill level 5 in Fighting
  5191 | D:5      | Reached skill level 6 in Stealth
  5248 | D:5      | Reached skill level 2 in Invocations
  5663 | D:6      | You fall into a shaft and drop 3 floors!
  5672 | D:9      | Noticed Psyche
  5782 | D:9      | Killed Psyche
  5783 | D:9      | Reached skill level 6 in Dodging
  5783 | D:9      | Reached skill level 3 in Invocations
  5783 | D:9      | Reached XP level 9. HP: 50/55 MP: 9/11
  5786 | D:9      | Reached skill level 7 in Stealth
  6057 | D:8      | Found a flagged portal.
  6061 | D:8      | Reached skill level 6 in Fighting
  6066 | D:8      | Reached * piety under Dithmenos
  6067 | D:8      | Reached skill level 10 in Ranged Weapons
  6085 | Bailey   | Entered a bailey
  6221 | Bailey   | Reached skill level 4 in Invocations
  6564 | D:7      | Reached skill level 7 in Dodging
  6605 | D:7      | Reached skill level 8 in Stealth
  6743 | D:7      | Found an ornate altar of the Wu Jian Council.
  6832 | D:7      | Noticed a hornet
  6836 | D:7      | Killed a hornet
  6837 | D:7      | Reached XP level 10. HP: 61/61 MP: 13/13
  6853 | D:7      | Reached ** piety under Dithmenos
  6981 | D:6      | Found a sparkling altar of Nemelex Xobeh.
  7053 | D:6      | Reached skill level 5 in Invocations
  7059 | D:6      | Reached skill level 7 in Fighting
  7375 | D:6      | Found a broken altar of Ashenzari.
  7406 | D:6      | Reached skill level 9 in Stealth
  7789 | D:7      | Reached skill level 11 in Ranged Weapons
  8017 | D:7      | Reached skill level 8 in Dodging
  8645 | D:8      | Reached *** piety under Dithmenos
  8668 | D:8      | Found an opulent altar of Gozag.
  9382 | D:9      | Paralysed by a hornet for 2 turns
  9385 | D:9      | HP: 11/63 [hornet (6)]
  9388 | D:9      | Reached skill level 6 in Invocations
  9390 | D:9      | HP: 7/64 [poisoned by a hornet]
  9804 | D:9      | Reached skill level 10 in Stealth
  9804 | D:9      | Reached XP level 11. HP: 48/68 MP: 15/15
  9808 | D:9      | Reached skill level 8 in Fighting
 10522 | D:9      | Reached skill level 9 in Dodging
 10651 | D:9      | Reached skill level 12 in Ranged Weapons
 10660 | D:9      | Reached skill level 7 in Invocations
 10665 | D:9      | HP: 14/69 [yak (8)]
 11045 | D:9      | Found a staircase to the Lair.
 11078 | D:10     | Entered Level 10 of the Dungeon
 11207 | D:10     | Identified the +0 robe of the Tormentor {rPois rN+ Will-
                  | Dex+3}
 11351 | D:10     | Found a staircase to the Orcish Mines.
 11447 | D:10     | Reached skill level 11 in Stealth
 12123 | D:10     | Reached **** piety under Dithmenos
 12360 | D:10     | Found a stormy altar of Qazlal.
 12420 | Orc:1    | Entered Level 1 of the Orcish Mines
 12477 | Orc:1    | Noticed an orc sorcerer
 12484 | Orc:1    | Killed an orc sorcerer
 12537 | Orc:1    | Reached skill level 9 in Fighting
 12579 | Orc:1    | You fall into a shaft and drop 1 floor!
 12579 | Orc:2    | Entered Level 2 of the Orcish Mines
 12579 | Orc:2    | Noticed an orc knight
 12579 | Orc:2    | Noticed an ettin
 12579 | Orc:2    | Noticed an orc knight
 12579 | Orc:2    | Noticed an orc knight
 12579 | Orc:2    | Found Akefadi's General Store.
 12579 | Orc:2    | Found Amoth's Assorted Antiques.
 12580 | Orc:2    | Noticed an orc high priest
 12580 | Orc:2    | Demolished by an ettin

Illustrated notes

Levels and vault maps discovered:
D:1:      giann_wishing_wells, layout_basic,
          shapermc_ecumenical_altar_hornbeckon
D:2:      layout_basic
D:3:      layout_basic, amcnicky_altar_gilded, minmay_quadrilaterals,
          uniq_sigmund, uniq_jessica
D:4:      layout_layer_cave, kennysheep_generic_room_14
D:5:      nicolae_cairo_tiling_large, layout_layer_cave, temple_green
D:6:      layout_basic, mainiacjoe_overflow_swirl
D:7:      layout_cave_pods, nicolae_wu_jian_wuxing_cycle
D:8:      layout_loops_cross, mainiacjoe_overflow_small_starburst,
          enter_bailey_5
D:9:      layout_basic, minmay_lair_entry_grove, uniq_psyche
D:10:     layout_stronghold, nicolae_qazlal_general_emergency, orc_0_dummy
Temple:   kb_temple_of_zot
Orc:1:    layout_caves, serial_shops, nicolae_shop_hallway_plus,
          enter_volcano_3, nicolae_shop_self_help
Orc:2:    hellmonk_orc_salted, layout_diamond_mine

Skill      XL: |  1  2  3  4  5  6  7  8  9 10 11 |
---------------+----------------------------------+-----
Stealth        | 2 3 4 5 6 8 10 11 | 11.3
Ranged Weapons | 6 7 8 9 10 11 12 | 12.5
Dodging        | 3 4 5 6 7 8 9 |  9.8
Fighting       | 3 4 5 6 7 9 |  9.0
Invocations    | 3 4 6 7 |  7.6

Action                     |  1- 3 |  4- 6 |  7- 9 | 10-12 || total
---------------------------+-------+-------+-------+-------++-------
   Fire: Shortbow          |    76 |    69 |   181 |   321 ||   647
    Use: Scroll            |     5 |     3 |     6 |    10 ||    24
         Potion            |       |       |     1 |     3 ||     4
 Armour: Leather armour    |    10 |     3 |     3 |     4 ||    20
  Dodge: Dodged            |    25 |    15 |    38 |   148 ||   226

Table legend: (Time is in decaauts)
 A = Elapsed time spent in this place.
 B = Non-inter-level travel time spent in this place.
 C = Inter-level travel time spent in this place.
 D = Time resting spent in this place.
 E = Time spent auto-exploring this place.
 F = Levels seen in this place.
 G = Mean time per level.
                   A        B        C        D        E       F      G
               +--------+--------+--------+--------+--------+-----+--------+
         Total |  12632 |  12314 |    318 |   1249 |   9916 |  14 |  902.3 |
       Dungeon |  11912 |  11643 |    269 |   1065 |   9539 |  10 | 1191.2 |
        Temple |    173 |    124 |     49 |      0 |    110 |   1 |  173.0 |
  Orcish Mines |    158 |    158 |      0 |     84 |     49 |   2 |   79.0 |
        Bailey |    387 |    387 |      0 |    100 |    218 |   1 |  387.0 |
               +--------+--------+--------+--------+--------+-----+--------+

Top non-repeatable levels by time:
     D:9: 2169 daAuts
     D:5: 1407 daAuts
    D:10: 1338 daAuts
     D:1: 1246 daAuts
     D:4: 1242 daAuts
     D:7: 1059 daAuts
     D:8: 977 daAuts
     D:6: 946 daAuts
     D:3: 920 daAuts
     D:2: 604 daAuts
  Bailey: 387 daAuts
  Temple: 173 daAuts
   Orc:1: 158 daAuts
   Orc:2: 0 daAuts

Table legend:
 A = Kills in this place as a percentage of kills in entire the game.
 B = Kills by you in this place as a percentage of kills by you in the entire game.
 C = Kills by friends in this place as a percentage of kills by friends in the entire game.
 D = Other kills in this place as a percentage of other kills in the entire game.
 E = Experience gained in this place as a percentage of experience gained in the entire game.
 F = Experience gained in this place divided by the number of levels of this place that you have seen.
                   A       B       C       D       E      F
               +-------+-------+-------+-------+-------+----------------------
         Total | 100.0 | 100.0 |   N/A |   N/A | 100.0 | 959.7
       Dungeon |  90.7 |  90.7 |   N/A |   N/A |  90.8 | 1220.6
  Orcish Mines |   1.6 |   1.6 |   N/A |   N/A |   7.1 | 479.0
        Bailey |   7.8 |   7.8 |   N/A |   N/A |   2.0 | 272.0
               +-------+-------+-------+-------+-------+----------------------
